 Dungeon Crawl Stone Soup version 0.28-a0-1387-g3a22ab9bdc (webtiles) character file.

Game seed: 6242612374305061187

210 ChaosChampion the Skirmisher (level 5, -3/48 HPs)
             Began as a Hill Orc Fighter on Jan 2, 2022.
             Was an Initiate of Beogh.
             Slain by a gnoll (5 damage)
             ... on level 4 of the Dungeon.
             The game lasted 00:01:52 (3190 turns).

ChaosChampion the Skirmisher (Hill Orc Fighter)     Turns: 3190, Time: 00:01:52

Health: -3/48      AC:  7    Str: 21    XL:     5   Next: 88%
Magic:  5/5        EV:  9    Int:  8    God:    Beogh [......]
Gold:   107        SH:  4    Dex: 10    Spells: 4/4 levels left

rFire   . . .      SeeInvis .   a - +0 war axe
rCold   . . .      Faith    .   c - +0 buckler
rNeg    . . .      Spirit   .   b - +0 scale mail
rPois   .          Reflect  .   (no helmet)
rElec   .          Harm     .   (no cloak)
rCorr   .          Rampage  .   (no gloves)
Will    .....                   (no boots)
Stlth   ..........              (no amulet)
HPRegen 0.16/turn               (no ring)
MPRegen 0.09/turn               (no ring)

@: mighty, lethally poisoned (-3 -> -8)
A: no striking features
a: Renounce Religion


You were on level 4 of the Dungeon.
You worshipped Beogh.
Beogh was noncommittal.
You visited 1 branch of the dungeon, and saw 4 of its levels.

You collected 107 gold pieces.

Inventory:

Hand Weapons
 a - a +0 war axe (weapon)
Armour
 b - a +0 scale mail (worn)
 c - a +0 buckler (worn)
Scrolls
 e - 2 scrolls of teleportation {unknown}
 f - a scroll of noise {unknown}
 g - a scroll of identify {unknown}
 j - a scroll of immolation {unknown}
 k - a scroll of blinking {unknown}
Potions
 h - a potion of experience {unknown}
 i - a potion of lignification {unknown}
 l - 3 potions of degeneration {unknown}


   Skills:
 + Level 5.0 Fighting
 + Level 4.5 Axes
 + Level 4.4 Armour
 + Level 4.4 Shields


You had 4 spell levels left.
You didn't know any spells.
Your spell library was empty.

Dungeon Overview and Level Annotations

Branches:
Dungeon (4/15)
 Temple: D:4-7

Altars:
Nemelex Xobeh


Message History

You are too injured to fight recklessly!
You are too injured to fight recklessly!
You are too injured to fight recklessly!
You closely miss the adder.
The adder is almost dead.
The gnoll shouts!
You hit the gnoll but do no damage.
Your scale mail prevents you from hitting the gnoll shaman.
The adder bites you.
You are poisoned.
The adder poisons you! You block the gnoll's attack. x2
The adder bites you but does no damage. The gnoll hits you but does no damage.
The gnoll closely misses you.
You miss the adder.
The adder is almost dead.
You hit the gnoll shaman but do no damage.
You hit the gnoll but do no damage.
You feel sick. The gnoll closely misses you. The gnoll misses you.
The gnoll shaman barely misses you. The adder bites you.
You are more poisoned.
The adder poisons you!
The gnoll hits you but does no damage. x2
The gnoll shaman hits you with a +0 club.
The adder bites you.
* * * LOW HITPOINT WARNING * * *
You feel very mighty all of a sudden.
You feel sick. The gnoll closely misses you.
The gnoll hits you from afar with a +0 spear.
* * * LOW HITPOINT WARNING * * *
The adder bites you but does no damage. You block the gnoll shaman's attack.
You closely miss the adder.
The adder is almost dead.
You barely miss the gnoll. You hit the gnoll shaman. You slash the gnoll!
* * * LOW HITPOINT WARNING * * *
You feel sick. You block the gnoll's attack. The gnoll barely misses you.
You block the adder's attack.
The gnoll hits you from afar with a +0 spear.
* * * LOW HITPOINT WARNING * * *
The gnoll barely misses you.
The gnoll hits you from afar with a +0 spear.
You die...

.
...#######
..<...†.g##
......S@g.#
>.######g)#
#gg# ...#
.... ....##
##... #.##


You could see a gnoll shaman, 4 gnolls and an adder.

Vanquished Creatures
  2 orc wizards (D:3)
  A gnoll (D:4)
  8 adders
  An adder skeleton (D:4)
  A worm (D:2)
  3 dart slugs
  4 orcs (D:3)
  8 ball pythons
  5 bats
  5 endoplasms (D:1)
  A giant cockroach (D:1)
  7 goblins
  9 hobgoblins
  2 quokkas
  4 frilled lizards (D:1)
  6 kobolds
  5 rats
72 creatures vanquished.

Vanquished Creatures (others)
  A kobold (D:3)
  5 plants
6 creatures vanquished.

Grand Total: 78 creatures vanquished

Notes
Turn   | Place    | Note
-------+----------+-------------------------------------------
     0 | D:1      | ChaosChampion the Hill Orc Fighter began the quest for the
                  | Orb.
     0 | D:1      | Reached XP level 1. HP: 19/19 MP: 1/1
    53 | D:1      | Reached XP level 2. HP: 16/27 MP: 2/2
   456 | D:1      | Reached skill level 4 in Fighting
   459 | D:1      | Reached XP level 3. HP: 30/33 MP: 3/3
  1377 | D:2      | Reached XP level 4. HP: 40/40 MP: 4/4
  2248 | D:3      | Found a sparkling altar of Nemelex Xobeh.
  2371 | D:3      | Became a worshipper of Beogh the Brigand
  2392 | D:3      | Reached XP level 5. HP: 42/47 MP: 5/5
  3186 | D:4      | Reached skill level 5 in Fighting
  3190 | D:4      | HP: 2/48 [gnoll (2)]
  3190 | D:4      | Slain by a gnoll

Illustrated notes

Levels and vault maps discovered:
D:1:      psy_arrival_spokes, layout_basic, serial_forest,
          infiniplex_forest_clump_double, infiniplex_forest_clump_diagonal,
          infiniplex_forest_corner_1, infiniplex_forest_lined_4_way
D:2:      wad_lake_hut, layout_loops_ring, serial_glass, glass_columns_b,
          glass_columns_a, nicolae_figureground_sparkle
D:3:      layout_loops_ring, lemuel_round_altar
D:4:      layout_loops_ring, good_gods_temple_1, serial_shops,
          nicolae_inconvenience_store, uniq_natasha

Skill      XL: |  1  2  3  4  5 |
---------------+----------------+-----
Axes           | 3 4 |  4.5
Fighting       | 4 5 |  5.0
Armour         | 4 |  4.4
Shields        | 4 |  4.4

Action                   |  1- 3 |  4- 6 || total
-------------------------+-------+-------++-------
Melee: War axe           |    84 |   116 ||   200
Invok: Convert to Beogh  |       |     1 ||     1
  Use: Potion            |       |     1 ||     1
Armor: Scale mail        |    38 |    65 ||   103
Dodge: Dodged            |    29 |    55 ||    84
Block: Buckler           |    26 |    28 ||    54

Table legend: (Time is in decaauts)
 A = Elapsed time spent in this place.
 B = Non-inter-level travel time spent in this place.
 C = Inter-level travel time spent in this place.
 D = Time resting spent in this place.
 E = Time spent auto-exploring this place.
 F = Levels seen in this place.
 G = Mean time per level.
                   A        B        C        D        E       F      G
               +--------+--------+--------+--------+--------+-----+--------+
         Total |   3297 |   3164 |    133 |    286 |   2418 |   4 |  824.2 |
       Dungeon |   3297 |   3164 |    133 |    286 |   2418 |   4 |  824.2 |
               +--------+--------+--------+--------+--------+-----+--------+

Top non-repeatable levels by time:
     D:2: 1301 daAuts
     D:3: 997 daAuts
     D:1: 980 daAuts
     D:4: 17 daAuts
